[Event "Titled Tuesday Blitz August 24 2021"]
[White "Tomaszewski, Kacper"]
[Black "Krysa, Leandro"]
[WhiteFideId "1127373"]
[BlackFideId "116807"]
[WhiteElo "2153"]
[BlackElo "2490"]
[Result "0-1"]
[Round "02"]
[TimeControl "180+1"]
[Date "2021.08.24"]
[WhiteClock "0:00:02"]
[BlackClock "0:00:09"]

1. d4 Nf6 2. c4 g6 3. Nc3 Bg7 4. e4 d6 5. Be2 O-O 6. Be3 Nc6 7. Nf3 Bg4 8. d5 Bxf3 9. Bxf3 Ne5 10. Be2 c6 11. f4 Ned7 12. O-O cxd5 13. cxd5 a6 14. a4 Qa5 15. Bf3 Rfc8 16. Kh1 Qb4 17. Qd2 Nc5 18. Rae1 Nfd7 19. Bg4 Rc7 20. e5 dxe5 21. d6 exd6 22. Nd5 Qxd2 23. Bxd2 Rc6 24. Ne7+ Kf8 25. Nxc6 bxc6 26. Bb4 f5 27. fxe5 Bxe5 28. Bc3 Bxc3 29. bxc3 Nxa4 30. Bf3 Ne5 31. Re3 Nc5 32. Rd1 Ke7 33. Bxc6 Rb8 34. Bd5 a5 35. c4 a4 36. Ra3 Rb2 37. Rda1 h5 38. h3 h4 39. R3a2 Rb4 40. Ra3 g5 41. g3 Kf6 42. gxh4 gxh4 43. Rg1 Rb2 44. Rg2 Rb1+ 45. Kh2 Rb3 46. Rxb3 axb3 47. Rb2 Ned3 48. Rb1 Ke5 49. Bf3 Kd4 50. Be2 b2 51. Kg2 Kc3 52. Kf3 Kc2 53. Bxd3+ Nxd3 54. Rxb2+ Kxb2 55. Ke3 Kc3 56. c5 dxc5 0-1


[Site "https://www.chess.com"]

[Event "Titled Tuesday Blitz August 24 2021"]
[White "Tong, Hai Anh"]
[Black "Nazaretyan, Tigran"]
[WhiteFideId "12412805"]
[BlackFideId "24162345"]
[WhiteElo "1467"]
[BlackElo "2167"]
[Result "0-1"]
[Round "02"]
[TimeControl "180+1"]
[Date "2021.08.24"]
[WhiteClock "0:00:02"]
[BlackClock "0:00:19"]

1. Nf3 Nf6 2. g3 d5 3. Bg2 c6 4. O-O Bg4 5. d3 Nbd7 6. c4 e6 7. h3 Bh5 8. cxd5 exd5 9. Nc3 Bc5 10. g4 Bg6 11. e4 dxe4 12. dxe4 O-O 13. e5 Ne4 14. Nxe4 Bxe4 15. Re1 Bd5 16. Bf4 Re8 17. Qd3 Qb6 18. Re2 Rad8 19. Ng5 Nf8 20. Bxd5 Rxd5 21. Qf5 f6 22. Nf3 Ng6 23. g5 fxe5 24. Nxe5 Nxe5 25. Bxe5 Bxf2+ 26. Rxf2 Rdxe5 27. Qf7+ Kh8 28. g6 Qe3 29. gxh7 Rg5+ 30. Kh1 Qxh3+ 31. Rh2 Qe6 32. Qxe6 Rxe6 33. Rf1 Rf6 34. Rxf6 gxf6 35. Rh6 f5 36. Kh2 Rg7 37. Rf6 Rxh7+ 38. Kg3 Rd7 39. Rxf5 Rd2 40. Ra5 a6 41. b3 Kg7 42. Kf3 Kf6 43. Ke3 Rd5 44. Ra4 Ke6 45. Rh4 Kd6 46. Rh7 b6 47. a3 a5 48. b4 a4 49. Ra7 b5 50. Rh7 Rg5 51. Kd4 Rg3 52. Rh6+ Kc7 53. Kc5 Rc3+ 54. Kd4 Rxa3 55. Rh7+ Kb6 56. Rh8 Rb3 57. Rb8+ Kc7 0-1


[Site "https://www.chess.com"]

[Event "Titled Tuesday Blitz August 24 2021"]
[White "Tristan, Leonardo"]
[Black "Al Hosani, Omran"]
[WhiteFideId "113816"]
[BlackFideId "9308733"]
[WhiteElo "2782"]
[BlackElo "2528"]
[Result "1-0"]
[Round "02"]
[TimeControl "180+1"]
[Date "2021.08.24"]
[WhiteClock "0:00:04"]
[BlackClock "0:00:06"]

1. d4 Nf6 2. Nf3 g6 3. Bf4 Bg7 4. e3 d5 5. Be2 O-O 6. O-O c5 7. c3 Nc6 8. h3 b6 9. Nbd2 Bb7 10. Qb3 Re8 11. dxc5 Na5 12. Qa3 bxc5 13. Qxc5 Nd7 14. Qa3 e5 15. Bh2 Qb6 16. Nb3 Nc4 17. Bxc4 dxc4 18. Nbd2 Bd5 19. e4 Bf8 20. Qa4 Nc5 21. Qc2 Be6 22. Nxe5 Qb5 23. Ndf3 Nd3 24. Nxd3 cxd3 25. Qd2 Rad8 26. Nd4 Qa6 27. Rfd1 Qb7 28. Qxd3 Qxb2 29. Rdb1 Qa3 30. Qc2 Bc4 31. Nb5 Qa6 32. Nc7 Bd3 33. Qc1 Qc6 34. Nxe8 Rxe8 35. f3 Bc5+ 36. Kh1 Bxb1 37. Rxb1 Rd8 38. Bg1 Bd6 39. Be3 Bc7 40. Bf4 Bb6 41. Qc2 Rc8 42. Be5 Qc5 43. Bf6 Qc6 44. e5 h5 45. Qd2 Qxc3 46. Qh6 Qxe5 47. Qg7# 1-0


[Site "https://www.chess.com"]

[Event "Titled Tuesday Blitz August 24 2021"]
[White "Tsyhanchuk, Stanislav"]
[Black "Firat, Burak"]
[WhiteFideId "13505130"]
[BlackFideId "6305881"]
[WhiteElo "2121"]
[BlackElo "2531"]
[Result "1/2-1/2"]
[Round "02"]
[TimeControl "180+1"]
[Date "2021.08.24"]
[WhiteClock "0:00:02"]
[BlackClock "0:00:04"]

1. e4 e5 2. Nf3 Nf6 3. Nxe5 d6 4. Nf3 Nxe4 5. Bd3 Nc5 6. Be2 d5 7. d4 Ne6 8. O-O Be7 9. c4 dxc4 10. Bxc4 O-O 11. Nc3 Bf6 12. Be3 Re8 13. Qb3 Nc6 14. Bxe6 fxe6 15. Rad1 Ne7 16. d5 exd5 17. Nxd5 Nxd5 18. Rxd5 Qe7 19. Rd7+ Qe6 20. Qxe6+ Rxe6 21. Rxc7 Bxb2 22. Rd1 Re8 23. Bd4 Bxd4 24. Nxd4 a6 25. a4 b6 26. f3 Rb8 27. Kf2 Rb7 28. Rdc1 Rxc7 29. Rxc7 Kf8 30. g4 Rd8 31. Nc6 Re8 32. h4 Be6 33. Nd4 Ba2 34. Rb7 Rd8 35. Nf5 g6 36. Ng3 Rd4 37. Rxb6 Rxa4 38. Rb7 Bf7 39. Ne4 Ra2+ 40. Kg3 Ra3 41. Nf6 h5 42. gxh5 gxh5 43. Kf4 Ra4+ 44. Kg5 Ra5+ 45. Kh6 Rf5 46. Nh7+ Ke8 47. Ng5 Bd5 48. Kg6 Bxb7 49. Kxf5 a5 50. Ne6 a4 51. Nc5 a3 52. Nb3 Bxf3 53. Na1 Kd7 54. Ke5 Kc6 55. Kd4 Bg4 56. Kc3 Kd5 57. Nc2 Ke4 58. Nxa3 Kf3 59. Kd4 Kg3 60. Ke3 Kxh4 61. Kf2 Kg5 62. Nc4 Bf5 63. Ne3 Be4 64. Ng2 Kg4 65. Ne3+ Kf4 66. Ng2+ Kg4 67. Ne3+ Kh3 68. Kg1 h4 69. Nf1 Bd5 70. Ne3 Be4 71. Nf1 Bc6 72. Ne3 Be4 1/2-1/2


[Site "https://www.chess.com"]

[Event "Titled Tuesday Blitz August 24 2021"]
[White "Turayev, Shahruh"]
[Black "Praggnanandhaa R"]
[WhiteFideId "14003856"]
[BlackFideId "25059530"]
[WhiteElo "2593"]
[BlackElo "2555"]
[Result "0-1"]
[Round "02"]
[TimeControl "180+1"]
[Date "2021.08.24"]
[WhiteClock "0:00:10"]
[BlackClock "0:00:47"]

1. e4 g6 2. Nc3 Bg7 3. d4 d6 4. Be2 a6 5. h4 h6 6. h5 g5 7. Be3 b5 8. a3 Bb7 9. Nf3 Nf6 10. d5 e5 11. dxe6 fxe6 12. Nd4 Qe7 13. Bd3 Nbd7 14. Qd2 Ng4 15. O-O-O O-O-O 16. Kb1 c5 17. Ndxb5 axb5 18. Nxb5 Nde5 19. Qa5 Nxe3 20. fxe3 Nc6 21. Qb6 Rd7 22. Bc4 Kb8 23. Rhf1 Be5 24. Nc3 Qd8 25. Qb5 Bxc3 26. bxc3 Re8 27. Ka2 Qa5 28. Qb3 Qa7 29. Bxe6 Rde7 30. Bd5 Na5 31. Qb5 Ka8 32. Rb1 Bxd5+ 33. exd5 Rb8 34. Qa4 Rxb1 35. Rxb1 Qa6 36. Rb5 Ra7 37. c4 Nxc4 38. Qb3 Qxa3+ 39. Qxa3 Rxa3+ 40. Kb1 Rxe3 41. Kc1 Re1# 0-1


[Site "https://www.chess.com"]

[Event "Titled Tuesday Blitz August 24 2021"]
[White "Vakhidov, Shahzod"]
[Black "Krivonosov, Oleg"]
[WhiteFideId "14205270"]
[BlackFideId "11600349"]
[WhiteElo "1988"]
[BlackElo "2469"]
[Result "0-1"]
[Round "02"]
[TimeControl "180+1"]
[Date "2021.08.24"]
[WhiteClock "0:00:03"]
[BlackClock "0:00:17"]

1. c4 e6 2. g3 d5 3. Nf3 Nf6 4. Bg2 Be7 5. O-O O-O 6. d4 Nbd7 7. Nc3 dxc4 8. a4 Nd5 9. Nd2 c5 10. Nxc4 cxd4 11. Nxd5 exd5 12. Bxd5 Nb6 13. Nxb6 Qxb6 14. Qb3 Qxb3 15. Bxb3 Bh3 16. Rd1 Bf6 17. Bd5 Rfd8 18. Bxb7 Rab8 19. Bg2 Bg4 20. f3 Be6 21. e4 Bb3 22. Re1 d3 23. e5 Be7 24. Bd2 Bc5+ 25. Kh1 Bd4 26. Bc1 Bc2 27. Ra2 Bf2 28. Rf1 d2 29. Bxd2 Rxd2 30. b3 Rbd8 31. f4 Bxb3 32. Raa1 Bd5 33. Rab1 g6 34. Bxd5 R8xd5 35. Rb7 Bb6 36. Rc1 Rd1+ 37. Rxd1 Rxd1+ 38. Kg2 Ra1 39. Rb8+ Kg7 40. Rb7 Kf8 41. Rb8+ Ke7 42. g4 Rxa4 43. Kf3 Rd4 44. Rh8 Rd3+ 45. Ke4 Re3+ 46. Kd5 Rh3 47. f5 gxf5 48. gxf5 f6 49. e6 Rh5 50. Ke4 Rxh2 51. Rb8 Rh4+ 52. Kd5 Rd4+ 53. Kc6 Rd6+ 54. Kb5 Rd8 55. Rb7+ Kd6 56. Rxh7 Ke5 57. Rh5 Kd5 58. Ka6 Bd4 59. Rh7 Ke5 60. Rf7 Bb6 61. Rb7 Kxf5 62. e7 Re8 63. Rd7 Ke6 64. Rd1 Rxe7 65. Rf1 f5 66. Rf3 Kf6 67. Rf1 Be3 68. Rh1 f4 69. Rh6+ Kf5 70. Rh5+ Ke4 71. Rh4 Rf7 72. Rh6 Kd3 73. Rd6+ Ke2 74. Rd5 f3 75. Rb5 f2 76. Rb2+ Bd2 77. Rb5 f1=Q 0-1


[Site "https://www.chess.com"]

[Event "Titled Tuesday Blitz August 24 2021"]
[White "Vasli, Aref"]
[Black "Nimrod_Veinberg"]
[WhiteFideId "417521"]
[WhiteElo "2257"]
[BlackElo "2702"]
[Result "1-0"]
[Round "02"]
[TimeControl "180+1"]
[Date "2021.08.24"]
[WhiteClock "0:00:06"]
[BlackClock "0:00:07"]

1. e4 e5 2. Nf3 Nc6 3. Bb5 a6 4. Ba4 Nf6 5. O-O Be7 6. Re1 b5 7. Bb3 O-O 8. d3 d6 9. a3 Na5 10. Ba2 c5 11. Nc3 Be6 12. Bg5 Nc6 13. Bxf6 Bxf6 14. Nd5 g6 15. c3 Bg7 16. Qd2 h6 17. d4 cxd4 18. cxd4 Nxd4 19. Nxd4 exd4 20. Rac1 Rc8 21. h3 Kh7 22. f4 Rxc1 23. Rxc1 f5 24. exf5 Rxf5 25. Nb4 Bxa2 26. Nxa2 Qf8 27. Rf1 g5 28. Qd3 Kh8 29. Nb4 Rxf4 30. Nxa6 Be5 31. Rc1 Rf7 32. Nb4 Qg7 33. Nd5 Qf8 34. Qg6 Bg3 35. Qd3 Rf5 36. Qxd4+ Kg8 37. Qe4 Re5 38. Qg6+ Kh8 39. Nf6 Re7 40. Rf1 Be5 41. Ng4 Bd4+ 42. Nf2 Rf7 43. Qc2 Bxf2+ 44. Rxf2 Rxf2 45. Qxf2 Qe7 46. Qd4+ Kg8 47. Qd5+ Kg7 48. Qxb5 Qe1+ 49. Kh2 Qe4 50. Qd7+ 1-0


[Site "https://www.chess.com"]

[Event "Titled Tuesday Blitz August 24 2021"]
[White "Vlassov, Nikolai"]
[Black "Todorovic, Bojan"]
[WhiteFideId "4103360"]
[BlackFideId "917087"]
[WhiteElo "2407"]
[BlackElo "2266"]
[Result "1/2-1/2"]
[Round "02"]
[TimeControl "180+1"]
[Date "2021.08.24"]
[WhiteClock "0:00:13"]
[BlackClock "0:00:05"]

1. e4 e5 2. Bc4 Nf6 3. d3 Nc6 4. Nf3 Be7 5. O-O O-O 6. Re1 d6 7. a4 Be6 8. Nbd2 Bxc4 9. Nxc4 Nd7 10. a5 a6 11. c3 f5 12. Qb3 Nc5 13. Qc2 fxe4 14. dxe4 Rxf3 15. gxf3 Bg5 16. Be3 Ne6 17. Qb3 Kh8 18. Qxb7 Ne7 19. Rad1 Ng6 20. Kh1 Rb8 21. Qxa6 Bf4 22. Rg1 Qf6 23. Nd2 h6 24. b4 Qh4 25. Rg2 Qh3 26. Rdg1 Ng5 27. Qe2 Nh4 28. Bxf4 exf4 29. Rxg5 hxg5 30. Rxg5 g6 31. Rg4 Rf8 32. a6 Re8 33. Qf1 Qxf1+ 34. Nxf1 Nxf3 35. Rxf4 Ne5 36. b5 Rb8 37. Rh4+ Kg7 38. f4 Nc4 39. Rg4 Rxb5 40. f5 Ne5 41. Rg1 Ra5 42. fxg6 Nxg6 43. h4 Kh6 44. Ne3 Nxh4 45. Ng4+ Kh7 46. Nf6+ Kh6 47. Rg4 Ng6 48. Ng8+ Kh7 49. e5 dxe5 50. Nf6+ Kh6 51. Ne8 Rxa6 52. Nxc7 Rc6 53. Nd5 Rc5 54. c4 Nf4 55. Nxf4 exf4 56. Rxf4 Kg5 57. Rd4 Kf5 58. Kg2 Ke5 59. Rh4 Rc7 60. Kf3 Kd6 61. Ke3 Kc5 62. Kd3 Rd7+ 63. Kc3 Rg7 64. Rh5+ Kc6 65. Kb4 Rg6 66. Rd5 Kb6 67. Rb5+ Kc6 68. Ra5 Kb6 69. c5+ Kb7 70. Kb5 Rg1 71. c6+ Kc7 72. Ra7+ Kb8 73. Rb7+ Kc8 74. Rf7 Rb1+ 75. Kc5 Rc1+ 76. Kd5 Rd1+ 77. Ke5 Re1+ 78. Kd6 Rd1+ 79. Ke7 Re1+ 80. Kf6 Rf1+ 81. Ke6 Rxf7 82. Kxf7 Kc7 83. Ke6 Kxc6 1/2-1/2


[Site "https://www.chess.com"]

[Event "Titled Tuesday Blitz August 24 2021"]
[White "Wagh Suyog"]
[Black "Khodzhamkuliev, Bahadur"]
[WhiteFideId "25071688"]
[BlackFideId "24135046"]
[WhiteElo "2219"]
[BlackElo "2130"]
[Result "1-0"]
[Round "02"]
[TimeControl "180+1"]
[Date "2021.08.24"]
[WhiteClock "0:00:29"]
[BlackClock "0:00:17"]

1. e4 c5 2. Nc3 d6 3. f4 g6 4. Nf3 Bg7 5. Bc4 Nc6 6. O-O Nd4 7. d3 Nf6 8. Nxd4 cxd4 9. Ne2 O-O 10. Kh1 d5 11. exd5 Nxd5 12. Qe1 b5 13. Bb3 Bb7 14. Qf2 Ne3 15. Bxe3 dxe3 16. Qxe3 Bxb2 17. Rad1 Bf6 18. f5 a5 19. a3 Bd5 20. c4 Bc6 21. Ng3 Qd4 22. Qxd4 Bxd4 23. cxb5 Bxb5 24. Bc4 Rab8 25. fxg6 hxg6 26. Ne4 Kg7 27. Ng5 Bxc4 28. dxc4 e5 29. h3 Rb3 30. Rf3 Rxf3 31. Nxf3 Rd8 32. Nxe5 Bb6 33. Rxd8 Bxd8 34. Nd3 Kf6 35. g4 Ke6 36. Kg2 f5 37. Kf3 fxg4+ 38. hxg4 Bc7 39. a4 Bd6 40. Ke4 Bc7 41. Nf4+ Kf6 42. Nd5+ Kg5 43. Nxc7 Kxg4 44. Ne6 g5 1-0


[Site "https://www.chess.com"]

[Event "Titled Tuesday Blitz August 24 2021"]
[White "Wagner, Dennis"]
[Black "Petesch, Gabriel"]
[WhiteFideId "24650684"]
[BlackFideId "2032465"]
[WhiteElo "2793"]
[BlackElo "2535"]
[Result "1-0"]
[Round "02"]
[TimeControl "180+1"]
[Date "2021.08.24"]
[WhiteClock "0:00:57"]
[BlackClock "0:00:11"]

1. Nf3 d5 2. g3 Nf6 3. Bg2 g6 4. b3 Bg7 5. Bb2 O-O 6. c4 dxc4 7. bxc4 c5 8. O-O Nc6 9. d3 Bf5 10. Ne5 Qc7 11. Nxc6 bxc6 12. Nd2 Rab8 13. Nb3 Nd7 14. Bxg7 Kxg7 15. Qd2 f6 16. Qe3 Qd6 17. Rfb1 Rb4 18. a3 Rb6 19. Na5 Rfb8 20. Rxb6 Rxb6 21. h4 e5 22. Kh2 Ra6 23. Nb3 Rb6 24. Rb1 Qb8 25. Qf3 Rxb3 26. Rxb3 Qxb3 27. g4 Be6 28. g5 f5 29. Qxc6 Qb6 30. Qc8 Qb8 31. Qa6 Kf7 32. Bd5 e4+ 33. Kg2 Qb6 34. Qc8 Qb8 35. Qxd7+ 1-0


[Site "https://www.chess.com"]

[Event "Titled Tuesday Blitz August 24 2021"]
[White "Wieczorek, Oskar"]
[Black "Krutko, Anatoly"]
[WhiteFideId "1133950"]
[BlackFideId "4185862"]
[WhiteElo "2258"]
[BlackElo "2378"]
[Result "1-0"]
[Round "02"]
[TimeControl "180+1"]
[Date "2021.08.24"]
[WhiteClock "0:01:00"]
[BlackClock "0:01:15"]

1. e4 e5 2. Nf3 Nc6 3. Nc3 Nf6 4. a3 g6 5. Bc4 Bg7 6. d3 O-O 7. h3 d6 8. O-O a6 9. Be3 Nh5 10. d4 exd4 11. Nxd4 Bd7 12. Nf3 Ne5 13. Nxe5 dxe5 14. Bc5 Re8 15. Qf3 Be6 16. Rad1 Qh4 17. Bxe6 Rxe6 18. Rd7 Rf6 19. Be7 Rxf3 20. Bxh4 Rxc3 21. bxc3 f6 22. Rxc7 g5 23. Bg3 Rd8 24. Rxb7 Bf8 25. a4 Bc5 26. Kh2 Rd2 27. Rfb1 1-0


[Site "https://www.chess.com"]

[Event "Titled Tuesday Blitz August 24 2021"]
[White "Wieczorek, Zbigniew"]
[Black "Zeltsan, Joseph"]
[WhiteFideId "1102001"]
[BlackFideId "30932980"]
[WhiteElo "2283"]
[BlackElo "2195"]
[Result "1-0"]
[Round "02"]
[TimeControl "180+1"]
[Date "2021.08.24"]
[WhiteClock "0:00:21"]
[BlackClock "0:00:13"]

1. Nf3 Nf6 2. c4 g6 3. Nc3 Bg7 4. e4 d6 5. d4 O-O 6. Be2 e5 7. O-O Nc6 8. d5 Ne7 9. Ne1 Nd7 10. Nd3 f5 11. Bd2 c5 12. f4 exf4 13. Bxf4 Ne5 14. Nxe5 dxe5 15. Bg5 h6 16. Bh4 g5 17. Bf2 Qa5 18. Nb5 fxe4 19. Bxc5 Rxf1+ 20. Bxf1 Nf5 21. Qe1 Qd8 22. Qxe4 a6 23. Nc3 Nd4 24. Bxd4 exd4 25. Bd3 dxc3 26. Qh7+ Kf8 27. Rf1+ Bf6 28. Qxh6+ Kf7 29. Qg6+ Ke7 30. Qxf6+ Kd7 31. c5 Qxf6 32. Rxf6 Kc7 33. bxc3 Bd7 34. Rf7 Kd8 35. Rg7 g4 36. d6 Rc8 37. Rg8+ Be8 38. Bg6 Kd7 39. Bf5+ 1-0


[Site "https://www.chess.com"]

[Event "Titled Tuesday Blitz August 24 2021"]
[White "Woodward, Andy"]
[Black "Khusnutdinov, Rustam"]
[WhiteFideId "30953499"]
[BlackFideId "13701703"]
[WhiteElo "2137"]
[BlackElo "2571"]
[Result "0-1"]
[Round "02"]
[TimeControl "180+1"]
[Date "2021.08.24"]
[WhiteClock "0:00:02"]
[BlackClock "0:00:53"]

1. d4 d5 2. c4 e6 3. Nc3 a6 4. cxd5 exd5 5. Bf4 Nf6 6. e3 c5 7. dxc5 Bxc5 8. Nf3 Nc6 9. Bd3 O-O 10. O-O Bg4 11. Be2 Re8 12. h3 Bh5 13. Nd4 Bxd4 14. Bxh5 Bxc3 15. bxc3 Rc8 16. Bf3 Ne5 17. Bxe5 Rxe5 18. Qd4 Qe7 19. Rfd1 g6 20. Rab1 b5 21. a4 Rc4 22. Qb6 Rxa4 23. Ra1 Rxa1 24. Rxa1 Re6 25. Qb8+ Kg7 26. Qa8 Qd6 27. Rd1 Qc6 28. Qa7 Qxc3 29. g4 Ne4 30. Bxe4 dxe4 31. Rd7 Rf6 32. Rd1 Qb2 33. Rf1 Qe5 34. Rd1 h5 35. Rd4 hxg4 36. hxg4 Qe6 37. Kf1 Qxg4 38. Qb7 Qh3+ 39. Ke1 Qh1+ 40. Kd2 Rxf2+ 41. Kc3 Qc1+ 42. Kb4 Rb2+ 43. Ka5 Qc5 44. Ra4 Qc3+ 45. Kxa6 bxa4 46. Qc7 Qf6+ 47. Ka7 a3 48. Qd7 a2 49. Qa4 a1=Q 50. Ka8 Qxa4# 0-1


[Site "https://www.chess.com"]

[Event "Titled Tuesday Blitz August 24 2021"]
[White "Xie, Bryan"]
[Black "Azaladze, Shota"]
[WhiteFideId "30941296"]
[BlackFideId "13603027"]
[WhiteElo "1899"]
[BlackElo "2452"]
[Result "0-1"]
[Round "02"]
[TimeControl "180+1"]
[Date "2021.08.24"]
[WhiteClock "0:00:01"]
[BlackClock "0:01:15"]

1. e4 g6 2. d4 Bg7 3. Nf3 c6 4. e5 d6 5. Bf4 Bg4 6. Be2 Bxf3 7. Bxf3 dxe5 8. dxe5 Qxd1+ 9. Bxd1 e6 10. Nc3 Nd7 11. Ne4 Bxe5 12. Bxe5 Nxe5 13. Nd6+ Ke7 14. Nxb7 Rb8 15. Na5 Rxb2 16. f4 Rb5 17. Nb3 Nd7 18. Bf3 c5 19. a4 Rb4 20. g3 Ngf6 21. O-O-O Rxa4 22. Bc6 Rb4 23. Kb2 Rhb8 24. Kc3 Nb6 25. Na5 Rc8 26. Bb7 Rc7 27. Nc6+ Kf8 28. Nxb4 cxb4+ 29. Kxb4 Rxb7 30. Kc3 Rc7+ 31. Kb2 Nfd5 32. Rd4 Ke7 33. Ra1 h5 34. h3 Kd6 35. Rad1 a5 36. R1d3 a4 37. c4 Rxc4 38. Rxc4 Nxc4+ 39. Ka2 a3 40. Kb3 Kc5 41. Rd1 Ndb6 42. Rc1 f6 43. g4 hxg4 44. hxg4 e5 45. fxe5 fxe5 46. Ka2 e4 47. Re1 e3 48. Re2 Kd4 49. Re1 Kd3 50. Rc1 Nd5 51. Kb3 e2 52. Re1 Nde3 0-1


[Site "https://www.chess.com"]

[Event "Titled Tuesday Blitz August 24 2021"]
[White "Yaniuk, Volodymyr"]
[Black "Costachi, Mihnea"]
[WhiteFideId "14133083"]
[BlackFideId "1217518"]
[WhiteElo "2509"]
[BlackElo "2755"]
[Result "0-1"]
[Round "02"]
[TimeControl "180+1"]
[Date "2021.08.24"]
[WhiteClock "0:00:02"]
[BlackClock "0:02:13"]

1. d4 Nf6 2. c4 g6 3. g3 Bg7 4. Bg2 O-O 5. Nf3 d6 6. O-O Nc6 7. d5 Na5 8. Nfd2 c5 9. Nc3 a6 10. Qc2 Rb8 11. a4 Bd7 12. e4 b5 13. axb5 axb5 14. cxb5 Bxb5 15. Re1 Qb6 16. Nxb5 Qxb5 17. Bf1 Qb6 18. Ra4 Ng4 19. Be2 Ne5 20. Kg2 f5 21. exf5 Rxf5 22. f4 Nf7 23. Bf3 Bxb2 24. Bxb2 Qxb2 25. Qxb2 Rxb2 26. Re2 Nb7 27. g4 Rf6 28. g5 Rf5 29. Bg4 Rxd5 30. Nc4 Rxe2+ 31. Bxe2 Rd4 32. Ra8+ Kg7 33. Kf3 e5 34. fxe5 Rxc4 0-1


[Site "https://www.chess.com"]

[Event "Titled Tuesday Blitz August 24 2021"]
[White "Yeletsky, Ivan"]
[Black "Cunha, Lucas Aguiar"]
[WhiteFideId "24180327"]
[BlackFideId "2125404"]
[WhiteElo "2831"]
[BlackElo "2551"]
[Result "0-1"]
[Round "02"]
[TimeControl "180+1"]
[Date "2021.08.24"]
[WhiteClock "0:00:01"]
[BlackClock "0:00:54"]

1. c4 e6 2. Nc3 Nf6 3. g3 d5 4. Bg2 d4 5. Ne4 Nfd7 6. d3 c5 7. e3 Nc6 8. Ne2 Be7 9. exd4 cxd4 10. O-O O-O 11. f4 a5 12. g4 f5 13. gxf5 exf5 14. Ng5 Nc5 15. Ng3 g6 16. a3 a4 17. h4 h6 18. Bd5+ Kg7 19. Nf3 Bxh4 20. Nxh4 Qxh4 21. Kg2 Re8 22. Rh1 Qf6 23. Qf3 Nb3 24. Rb1 Bd7 25. Kf2 Re7 26. Rg1 Kh7 27. Rh1 Rae8 28. Nf1 Kg7 29. Ng3 Re3 30. Bxe3 dxe3+ 31. Kg2 Ncd4 32. Qf1 e2 33. Qf2 Qd6 34. Rbg1 Bc6 35. Kh2 Bxd5 36. cxd5 Qxd5 37. Kh3 Nf3 38. Nh5+ Kf7 39. Rg3 e1=Q 40. Rxe1 Nxe1 0-1


[Site "https://www.chess.com"]

[Event "Titled Tuesday Blitz August 24 2021"]
[White "Zhigalko, Sergei"]
[Black "Jeet, Jain"]
[WhiteFideId "13502956"]
[BlackFideId "5073022"]
[WhiteElo "2662"]
[BlackElo "2085"]
[Result "1-0"]
[Round "02"]
[TimeControl "180+1"]
[Date "2021.08.24"]
[WhiteClock "0:00:04"]
[BlackClock "0:00:19"]

1. e4 e5 2. Nf3 Nc6 3. Bc4 Bc5 4. b4 Bb6 5. a4 a6 6. Nc3 Nf6 7. Nd5 Nxe4 8. O-O O-O 9. d3 Nxf2 10. Rxf2 Bxf2+ 11. Kxf2 h6 12. Kg1 d6 13. Bd2 Be6 14. Qe1 Ne7 15. Ne3 Bxc4 16. Nxc4 f5 17. Qe2 g5 18. Rf1 Ng6 19. Qd1 Kh7 20. c3 g4 21. Ne1 Qh4 22. g3 Qe7 23. Ng2 Kg7 24. a5 Qe6 25. Qc1 Rh8 26. Nce3 Raf8 27. c4 h5 28. Bc3 h4 29. gxh4 Nxh4 30. Nxh4 Rxh4 31. Nd5 Rfh8 32. Qg5+ Qg6 33. Qe7+ Qf7 34. Qxf7+ Kxf7 35. Rxf5+ Kg7 36. Rg5+ Kf7 37. Rf5+ Kg6 38. Rf2 Rh3 39. Rd2 Kg5 40. Nxc7 g3 41. hxg3 Rh1+ 42. Kf2 Kg4 43. Ke3 R8h3 44. Ke4 Rc1 45. Bb2 Re1+ 46. Kd5 Rxg3 47. Ne8 Ree3 48. Nxd6 Rxd3+ 49. Rxd3 Rxd3+ 50. Kxe5 Rb3 51. Bd4 Rxb4 52. Bb6 Kf3 53. Kd5 Ke2 54. Nxb7 Kd3 55. Nc5+ Kc3 56. Ne4+ Kd3 57. Nf2+ Kc3 58. c5 Rd4+ 59. Ke6 Rf4 60. Nh3 Rh4 61. Ng5 Kc4 62. Nf3 Rh6+ 63. Kd7 Kb5 64. Nd4+ Kc4 65. Ne6 Rh7+ 66. Kd6 Kb5 67. Nc7+ Kc4 68. Nxa6 Rh6+ 69. Ke5 Kb5 70. Nc7+ Kc6 71. Ne6 Rh5+ 72. Kd4 Rh4+ 73. Kc3 Rh6 74. Nd4+ Kd5 75. Nb5 Rh3+ 76. Kb4 Kc6 77. Nc3 Rh4+ 78. Kb3 Kb7 79. Nb5 Rh3+ 80. Kc4 Rh4+ 81. Nd4 Ka6 82. Kd5 Rh5+ 83. Kd6 Rh6+ 84. Ne6 Rg6 85. c6 Rh6 86. c7 Kb7 87. a6+ Kc8 88. a7 Kb7 89. c8=Q+ Kxb6 90. a8=Q Kb5 91. Qab7+ 1-0


[Site "https://www.chess.com"]

[Event "Titled Tuesday Blitz August 24 2021"]
[White "Zhou, Jianchao"]
[Black "Maksimovic, Bojan"]
[WhiteFideId "8603537"]
[BlackFideId "14408120"]
[WhiteElo "2462"]
[BlackElo "2439"]
[Result "0-1"]
[Round "02"]
[TimeControl "180+1"]
[Date "2021.08.24"]
[WhiteClock "0:00:01"]
[BlackClock "0:00:07"]

1. d4 Nf6 2. c4 a6 3. Nc3 c5 4. dxc5 e6 5. e4 Nc6 6. Be3 Qa5 7. Qa4 Ng4 8. Qxa5 Nxa5 9. Bf4 Bxc5 10. Nh3 Nc6 11. Be2 Nge5 12. f3 f6 13. Nf2 g5 14. Bd2 Ng6 15. Na4 Bd4 16. c5 Rb8 17. Rc1 b5 18. cxb6 Bxb6 19. Nxb6 Rxb6 20. b3 Rb8 21. Be3 Nce5 22. Nd3 Nxd3+ 23. Bxd3 Ne5 24. Be2 Bb7 25. Kf2 Bc6 26. Rc5 h6 27. Rhc1 Ke7 28. Ra5 Bb5 29. Bxb5 axb5 30. Ke2 Rhc8 31. Rxc8 Rxc8 32. Kd2 Rb8 33. Bc5+ d6 34. Ra7+ Nd7 35. Bd4 e5 36. Be3 Ke6 37. Kc3 Rc8+ 38. Kd3 Rb8 39. a3 Rc8 40. Rb7 Ra8 41. Rxb5 Rxa3 42. Kc3 Ra8 43. b4 Rc8+ 44. Kd3 Ra8 45. Bc1 Ra1 46. Bd2 Ra3+ 47. Kc2 f5 48. exf5+ Kxf5 49. Rb7 Ra2+ 50. Kd3 Nf6 51. Rf7 Ke6 52. Rf8 Ra3+ 53. Kc2 Ra2+ 54. Kc1 Nd5 55. Rh8 Ra1+ 56. Kc2 Rg1 57. Rxh6+ Kd7 58. g4 Rf1 59. Bxg5 Rf2+ 0-1


[Site "https://www.chess.com"]

[Event "Titled Tuesday Blitz August 24 2021"]
[White "harlem4brew"]
[Black "Tsaruk, Maksim"]
[BlackFideId "13511173"]
[WhiteElo "2412"]
[BlackElo "2184"]
[Result "0-1"]
[Round "02"]
[TimeControl "180+1"]
[Date "2021.08.24"]
[WhiteClock "0:01:06"]
[BlackClock "0:00:38"]

1. e4 c5 2. Nf3 d6 3. d4 cxd4 4. Nxd4 Nf6 5. Nc3 a6 6. g3 e5 7. Nb3 Be7 8. Bg2 O-O 9. O-O b5 10. a4 b4 11. Nd5 a5 12. Be3 Nxd5 13. exd5 Nd7 14. c4 bxc3 15. bxc3 Ba6 16. Re1 f5 17. f4 Bf6 18. fxe5 dxe5 19. Rc1 Rc8 20. d6 Bc4 21. Bd5+ Kh8 22. Bxc4 Rxc4 23. Qd5 Qc8 24. Nxa5 Rxc3 25. Nc6 Rxc1 26. Rxc1 f4 27. Nxe5 Qe8 28. gxf4 Bxe5 29. fxe5 Nxe5 30. Kh1 Ng4 31. Re1 Qxe3 32. Rxe3 Rf1+ 33. Kg2 Nxe3+ 34. Kg3 Nxd5 35. d7 Rf8 0-1


[Site "https://www.chess.com"]

[Event "Titled Tuesday Blitz August 24 2021"]
[White "sganerdene"]
[Black "Labussiere, Yago"]
[BlackFideId "2186969"]
[WhiteElo "2637"]
[BlackElo "1857"]
[Result "1-0"]
[Round "02"]
[TimeControl "180+1"]
[Date "2021.08.24"]
[WhiteClock "0:00:50"]
[BlackClock "0:00:04"]

1. e4 c5 2. Nf3 d6 3. d4 cxd4 4. Nxd4 Nf6 5. Nc3 Nc6 6. Bg5 e6 7. Qd2 Qb6 8. Nb3 Be7 9. O-O-O a6 10. f4 O-O 11. Kb1 Rd8 12. g4 d5 13. Bxf6 Bxf6 14. e5 Be7 15. h4 a5 16. Na4 Qc7 17. h5 Bd7 18. Qe3 Nb4 19. Nc3 a4 20. Nd4 a3 21. b3 Rdc8 22. Rh3 Nc6 23. Ndb5 Qa5 24. Na4 d4 25. Qe4 Nb4 26. c4 Bxb5 27. cxb5 Nc2 28. Bd3 Ne3 29. Qxh7+ 1-0


[Site "https://www.chess.com"]

[Event "Titled Tuesday Blitz August 24 2021"]
[White "Anuj Shrivatri"]
[Black "Girinath, P.D.S."]
[WhiteFideId "35070924"]
[BlackFideId "5000572"]
[WhiteElo "2038"]
[BlackElo "2333"]
[Result "1-0"]
[Round "03"]
[TimeControl "180+1"]
[Date "2021.08.24"]
[WhiteClock "0:00:39"]
[BlackClock "0:00:02"]

1. d4 e6 2. c4 f5 3. Nf3 Nf6 4. g3 Be7 5. Bg2 O-O 6. O-O a5 7. Qc2 d6 8. Nc3 Nc6 9. e4 fxe4 10. Nxe4 e5 11. dxe5 dxe5 12. Nxf6+ Bxf6 13. Nd2 Nd4 14. Qd3 Bg5 15. Kh1 Bxd2 16. Bxd2 Bf5 17. Be4 Bxe4+ 18. Qxe4 Nf3 19. Be3 c6 20. Kg2 Qf6 21. h4 Rae8 22. Rad1 Nd4 23. b3 Ne6 24. Rd2 Nf4+ 25. Kh2 Ng6 26. h5 Nh8 27. Rd7 Rf7 28. Rfd1 Ref8 29. h6 gxh6 30. R1d6 Qf5 31. Qxf5 Rxf5 32. Rxh6 Ng6 33. Rxb7 R5f7 34. Rb6 Kg7 35. Rxc6 Rc8 36. Rxc8 1-0


[Site "https://www.chess.com"]